Map: Automaton LE

Players

ZaZen

  • Race: Terran Terran
  • League: Silver
  • Spawn Location: 3:00

secret - Winner!

  • Race: Zerg Zerg
  • League: Gold
  • Spawn Location: 9:00

VOD

Have the link to the VOD?

Description

Time

  • Played on: May 18, 2019, 3:07 p.m.
  • Length: 15:04
Show
View Real Time Build Order
Export as new Build Order

ZaZen Terran 

Build Orders:  

Get SALT Encoding   

  12  0:01  SCV  
  13  0:16  Supply Depot  
  13  0:18  SCV  
  14  0:31  Refinery  
  14  0:32  SCV  
  15  0:44  Barracks  
  15  0:46  SCV  
  16  0:58  SCV  
  17  1:06  Refinery  
  18  1:11  SCV  
  18  1:23  SCV  
  19  1:39  Factory  
  19  1:42  Barracks Reactor  
  19  1:47  Orbital Command  
  19  2:00  Ghost Academy  
  19  2:28  Armory  
  21  2:37  Hellion x2  
  21  2:39  Barracks Tech Lab  
  23  2:57  Supply Depot  
  23  3:19  SCV  
  24  3:20  Ghost  
  24  3:22  Hellion  
  24  3:23  Hellion  
  30  3:48  Ghost  
  32  4:02  Command Center  
  32  4:06  SCV  
  33  5:04  SCV  
  34  5:08  Ghost, Barracks  
  34  5:09  Hellion  
  34  5:14  Hellion  
  40  5:15  Supply Depot  
  40  5:16  SCV  
  31  5:41  Orbital Command  
  31  5:43  Ghost  
  31  5:45  Hellion x2  
  37  5:58  Barracks  
  37  6:02  Barracks Tech Lab  
  37  6:10  SCV  
  37  6:11  SCV  
  39  6:23  SCV x2  
  41  6:35  SCV x2  
  44  6:47  SCV  
  44  6:51  SCV  
  45  6:54  Command Center  
  45  6:55  Barracks Reactor  
  45  6:57  Stimpack  
  45  6:58  Combat Shield  
  45  6:59  SCV  
  45  7:00  Marine  
  47  7:02  Marauder  
  47  7:03  SCV  
  50  7:14  Starport  
  50  7:17  Engineering Bay  
  50  7:31  SCV x2  
  52  7:43  SCV, Missile Turret  
  53  7:46  Missile Turret  
  53  7:52  Starport Reactor, Missile Turret  
  53  7:53  Marine  
  53  7:54  Marine x2  
  56  8:00  Factory Tech Lab  
  56  8:02  Marine  
  53  8:11  Marine x2  
  53  8:17  SCV x2  
  53  8:19  Orbital Command  
  53  8:23  Refinery  
  53  8:27  Terran Infantry Weapons Level 1, Supply Depot x2  
  53  8:29  SCV x2, Engineering Bay, Supply Depot  
  53  8:30  Viking  
  57  8:41  SCV x2  
  57  8:43  Viking  
  61  8:54  Marine x2  
  66  8:55  Siege Tank  
  57  9:13  Marine x2  
  57  9:14  Marine  
  57  9:15  Viking x2  
  56  9:27  Siege Tank  
  49  9:52  Marine x3  
  47  9:53  Marine  
  47  9:58  Orbital Command  
  44  10:08  SCV x2  
  44  10:10  Marine x2  
  44  10:11  Marauder  
  50  10:36  Barracks  
  50  10:40  Barracks  
  50  10:42  Siege Tank  
  53  10:43  Marauder  
  53  10:44  Marauder  
  53  10:46  Marine x2  
  59  11:04  Marauder  
  59  11:06  Marauder  
  59  11:07  SCV x3  
  66  11:17  Refinery  
  66  11:19  SCV x3  
  66  11:20  Refinery  
  69  11:27  Barracks Tech Lab  
  69  11:28  Marine x4  
  69  11:29  Marine  
  69  11:31  SCV x2, Concussive Shells  
  76  11:32  Viking  
  78  11:46  SCV x3, Marine x2  
  79  11:58  SCV  
  79  11:59  SCV x2  
  79  12:00  Missile Turret  
  81  12:06  Missile Turret, Refinery  
  81  12:08  Marine x6  
  78  12:10  SCV, Hellbat  
  78  12:11  SCV x2  
  71  12:23  SCV  
  71  12:25  Marine  
  71  12:26  Marine x2  
  65  12:39  SCV x3  
  68  12:46  Liberator  
  68  12:51  SCV x2, Missile Turret  
  68  12:56  Barracks Reactor  
  68  12:57  Sensor Tower, Barracks Reactor  
  70  12:59  Marine x2  
  70  13:00  Marine x2  
  70  13:02  Siege Tank  
  80  13:06  SCV  
  80  13:07  SCV  
  82  13:17  Marine x3  
  82  13:18  Marine  
  86  13:32  Starport  
  86  13:34  Siege Tank  
  89  13:35  Marine x8  
  97  13:42  Medivac  
  97  13:46  Medivac  
  101  13:58  SCV x3, Marine x4  
  108  14:04  Supply Depot x2  
  108  14:07  Supply Depot  
  108  14:09  Siege Tank  
  111  14:10  SCV x3, Starport Tech Lab  
  111  14:11  Medivac  
  111  14:13  Marine x4  
  111  14:15  Marine x2  
  122  14:22  SCV x2  
Show
View Real Time Build Order
Export as new Build Order

secret Zerg - Winner!

Build Orders: Pool First 

Get SALT Encoding   

  12  0:01  Drone  
  13  0:14  Drone  
  14  0:18  Overlord  
  14  0:37  Spawning Pool  
  14  0:42  Drone  
  14  0:43  Drone  
  14  0:47  Drone  
  16  0:53  Drone  
  17  0:57  Extractor  
  17  1:04  Drone  
  17  1:28  Hatchery  
  17  1:29  Zergling x4  
  18  1:37  Queen  
  20  1:42  Zergling x2  
  21  1:49  Drone  
  22  1:55  Extractor  
  21  2:01  Drone  
  22  2:26  Overlord  
  22  2:28  Overlord  
  22  2:39  Queen  
  24  2:44  Drone x2  
  24  2:45  Drone  
  27  2:58  Drone x4  
  31  3:15  Roach Warren  
  31  3:16  Queen  
  32  3:20  Drone  
  32  3:21  Drone x3  
  36  3:43  Drone  
  36  3:44  Drone x3  
  36  3:47  Lair  
  40  4:03  Spore Crawler  
  40  4:09  Spine Crawler  
  38  4:12  Roach x3  
  38  4:13  Spore Crawler  
  38  4:15  Overlord x2  
  40  4:37  Roach  
  38  4:46  Spine Crawler  
  38  4:48  Spine Crawler  
  33  4:56  Roach  
  33  4:57  Roach x7  
  49  5:07  Queen  
  49  5:10  Drone  
  48  5:35  Drone  
  48  5:36  Drone x5  
  54  5:47  Drone  
  55  5:52  Drone  
  55  5:53  Drone x3  
  59  6:02  Spire  
  58  6:06  Overseer  
  58  6:15  Drone x2  
  60  6:20  Hatchery  
  59  6:33  Evolution Chamber  
  59  6:34  Evolution Chamber  
  57  6:40  Overlord  
  57  6:46  Evolution Chamber  
  57  6:59  Zergling x2  
  57  7:00  Zergling x4  
  57  7:01  Metabolic Boost  
  60  7:03  Overlord x2  
  60  7:11  Zerg Melee Weapons Level 1  
  60  7:13  Zerg Missile Weapons Level 1  
  60  7:21  Overlord x2, Queen  
  62  7:24  Drone  
  62  7:25  Drone x6  
  69  7:32  Queen  
  71  7:39  Drone x3  
  71  7:40  Drone  
  71  7:43  Overseer  
  75  7:47  Overlord  
  75  7:53  Drone  
  75  7:54  Drone x2  
  77  8:25  Mutalisk  
  77  8:26  Mutalisk x4  
  84  8:55  Drone x12  
  95  8:58  Overlord x3  
  90  9:24  Mutalisk x3  
  90  9:56  Roach  
  90  9:57  Roach x7  
  104  10:05  Extractor  
  99  10:07  Extractor  
  96  10:14  Drone  
  96  10:15  Drone x3  
  96  10:20  Drone  
  96  10:21  Drone x2  
  103  10:23  Hatchery  
  102  10:36  Zerg Melee Weapons Level 2  
  102  10:37  Hatchery  
  102  10:41  Roach x3  
  102  10:42  Roach x2  
  111  10:48  Drone  
  112  11:01  Drone x2  
  114  11:14  Spore Crawler  
  114  11:15  Overlord x4  
  113  11:28  Drone  
  113  11:30  Overlord x3  
  114  11:37  Queen  
  116  11:44  Hydralisk Den  
  116  11:46  Infestation Pit  
  112  12:20  Roach x7  
  112  12:21  Roach x3  
  118  12:32  Roach x8  
  118  12:33  Roach  
  128  12:42  Roach x3  
  128  12:43  Roach x4  
  142  12:44  Queen  
  142  12:47  Hive  
  144  13:01  Extractor  
  144  13:02  Extractor  
  144  13:03  Hydralisk  
  144  13:04  Hydralisk x7  
  158  13:10  Overseer  
  158  13:30  Drone x4  
  158  13:31  Drone x12  
  174  13:39  Extractor  
  174  13:41  Extractor  
  172  13:52  Mutalisk x5  
  182  13:57  Overlord x3  
  182  14:14  Hatchery  
Tags
 
Matchup
TvZ
Opening
Pool First
Spawn Locations
Cross Positions
Add a new tag
Caveats
  • Supply blocks, unpowered buildings, or Contaminate may cause inaccurate times.
  • Supply counts are checked every 10 seconds.